3L
ATHLETIC CLUB KC @ FT. WORTH CATTLEMEN
09/23/2038
 
TOP OF THE 1ST
Athletic Club KC batting - Pitching for Ft. Worth Cattlemen : RHP Armando Romano
Pitching: RHP Armando Romano
Batting: LHB Ty Tomblin 0-0: Foul Ball, location: 2F
0-1: Fly out, F8 (Flyball, 89S, EV 86.9 MPH)
Batting: RHB John Ricks 0-0: Fly out, F8 (Flyball, 8RM, EV 89.4 MPH)
Batting: LHB Pablo Hernández 0-0: Ground out 6-3 (Groundball, 6, EV 93.8 MPH)
Top of the 1st over - 0 runs, 0 hits, 0 errors, 0 left on base; Athletic Club KC 0 - Ft. Worth 0
BOTTOM OF THE 1ST
Ft. Worth Cattlemen batting - Pitching for Athletic Club KC : RHP David Rowlingson
Pitching: RHP David Rowlingson
Batting: RHB Mario Álvarez 0-0: Ground out 5-3 (Groundball, 56, EV 85.6 MPH)
Batting: LHB Ashley Thachi 0-0: Fly out, F7 (Flyball, 7LM, EV 102.5 MPH)
Batting: LHB Craig Woods 0-0: Called Strike
0-1: Called Strike
0-2: Fly out, F9 (Line Drive, 9, EV 88.1 MPH)
Bottom of the 1st over - 0 runs, 0 hits, 0 errors, 0 left on base; Athletic Club KC 0 - Ft. Worth 0
TOP OF THE 2ND
Athletic Club KC batting - Pitching for Ft. Worth Cattlemen : RHP Armando Romano
Batting: LHB Todd Baker 0-0: Called Strike
0-1: Called Strike
0-2: Ball
1-2: Strikes out swinging
Batting: RHB Bobby McFillin 0-0: Ball
1-0: Foul Ball, location: 2F
1-1: Ball
2-1: Swinging Strike
2-2: Ball
3-2: Foul Ball, location: 2F
3-2: Base on Balls
Batting: RHB Gabriel Martínez 0-0: Called Strike
0-1: Ball
1-1: Swinging Strike
1-2: Ball
2-2: Fly out, F8 (Line Drive, 8RD, EV 85.0 MPH)
Batting: RHB Tasuku Goto 0-0: Foul Ball, location: 2F
0-1: SINGLE (Line Drive, 8RS, EV 96.2 MPH)
Bobby McFillin to second
Batting: RHB Donald Guegan 0-0: Called Strike
0-1: Ball
1-1: Ball
2-1: Foul Ball, location: 2F
2-2: Foul Ball, location: 2F
2-2: Foul Ball, location: 2F
2-2: SINGLE (Flyball, 78M, EV 90.6 MPH)
Bobby McFillin to third
Tasuku Goto to second
Runner from 3rd tries for Home, SAFE, throw by CF to home
Batting: RHB David Lozano 0-0: Called Strike
0-1: Ball
1-1: SINGLE (Line Drive, 89S, EV 86.2 MPH)
Tasuku Goto to third
Donald Guegan to second
Runner from 3rd tries for Home, throw by RF and OUT! 9-2
Top of the 2nd over - 1 run, 3 hits, 0 errors, 2 left on base; Athletic Club KC 1 - Ft. Worth 0
BOTTOM OF THE 2ND
Ft. Worth Cattlemen batting - Pitching for Athletic Club KC : RHP David Rowlingson
Batting: LHB Dewitt Hopper 0-0: Foul Ball, location: 2F
0-1: Ball
1-1: Ball
2-1: Foul Ball, location: 2F
2-2: Ball
3-2: DOUBLE (Line Drive, 78M, EV 91.2 MPH)
Batting: LHB Semo Hoaloha 0-0: Ball
1-0: Fly out, F8 (Flyball, 8LM, EV 85.6 MPH)
Batting: LHB Jesús Morales 0-0: Ball
1-0: Ball
2-0: Called Strike
2-1: Called Strike
2-2: Foul Ball, location: 2F
2-2: Ball
3-2: Ground out U3 (Groundball, 3L, EV 109.4 MPH)
Dewitt Hopper to third
Batting: RHB Ramón Rodríguez 0-0: Ball
1-0: Foul Ball, location: 2F
1-1: Foul Ball, location: 2F
1-2: Ball
2-2: Ball
3-2: Ground out 5-3 (Groundball, 56, EV 85.0 MPH)
Bottom of the 2nd over - 0 runs, 1 hit, 0 errors, 1 left on base; Athletic Club KC 1 - Ft. Worth 0
TOP OF THE 3RD
Athletic Club KC batting - Pitching for Ft. Worth Cattlemen : RHP Armando Romano
Batting: LHB Ty Tomblin 0-0: Foul Ball, location: 2F
0-1: Ball
1-1: Called Strike
1-2: Ball
2-2: Ground out 5-3 (Groundball, 56S, EV 83.8 MPH)
Batting: RHB John Ricks 0-0: Called Strike
0-1: DOUBLE (Flyball, 8LXD, EV 97.5 MPH)
Batting: LHB Pablo Hernández 0-0: Ball
1-0: Foul Ball, location: 2F
1-1: Swinging Strike
1-2: Ground out 4-3 (Groundball, 4, EV 106.9 MPH)
John Ricks to third
Batting: LHB Todd Baker 0-0: Swinging Strike
0-1: Called Strike
0-2: Strikes out swinging
Top of the 3rd over - 0 runs, 1 hit, 0 errors, 1 left on base; Athletic Club KC 1 - Ft. Worth 0
BOTTOM OF THE 3RD
Ft. Worth Cattlemen batting - Pitching for Athletic Club KC : RHP David Rowlingson
Batting: LHB José Corona 0-0: Fly out, F8 (Flyball, 8RXD, EV 108.1 MPH)
Batting: SHB Akihiko Fujii 0-0: Ball
1-0: Called Strike
1-1: Ground out 4-3 (Groundball, 34, EV 85.0 MPH)
Batting: RHB Mario Álvarez 0-0: Ball
1-0: SINGLE (Line Drive, 9S, EV 95.6 MPH)
Batting: LHB Ashley Thachi 0-0: Ball
1-0: Ball
2-0: Called Strike
2-1: Ball
Mario Álvarez steals 2nd base (no throw)
3-1: Swinging Strike
3-2: DOUBLE (Line Drive, 89D, EV 110.0 MPH)
Mario Álvarez scores
Batting: LHB Craig Woods 0-0: Ball
1-0: Ball
2-0: Swinging Strike
2-1: Ball
3-1: Foul Ball, location: 2F
3-2: Fly out, F8 (Flyball, 89M, EV 85.6 MPH)
Bottom of the 3rd over - 1 run, 2 hits, 0 errors, 1 left on base; Athletic Club KC 1 - Ft. Worth 1
TOP OF THE 4TH
Athletic Club KC batting - Pitching for Ft. Worth Cattlemen : RHP Armando Romano
Batting: RHB Bobby McFillin 0-0: Called Strike
0-1: Ball
1-1: Ball
2-1: Ball
3-1: Fly out, F3 (Popup, 3S, EV 77.5 MPH)
Batting: RHB Gabriel Martínez 0-0: Called Strike
0-1: Fly out, F8 (Line Drive, 8RD, EV 98.8 MPH)
Batting: RHB Tasuku Goto 0-0: SINGLE (Flyball, 6D, EV 92.5 MPH)
Batting: RHB Donald Guegan 0-0: Ball
1-0: Foul Ball, location: 2F
1-1: Ball
2-1: Ball
3-1: Swinging Strike
3-2: Strikes out looking
Top of the 4th over - 0 runs, 1 hit, 0 errors, 1 left on base; Athletic Club KC 1 - Ft. Worth 1
BOTTOM OF THE 4TH
Ft. Worth Cattlemen batting - Pitching for Athletic Club KC : RHP David Rowlingson
Batting: LHB Dewitt Hopper 0-0: Called Strike
0-1: Ground out U3 (Groundball, 34S, EV 68.8 MPH)
Batting: LHB Semo Hoaloha 0-0: Swinging Strike
0-1: Foul Ball, location: 2F
0-2: DOUBLE (Line Drive, 78D, EV 110.0 MPH)
Batting: LHB Jesús Morales 0-0: Ball
1-0: Ball
2-0: Called Strike
2-1: Called Strike
2-2: Foul Ball, location: 2F
2-2: Ball
3-2: Base on Balls
Batting: RHB Ramón Rodríguez 0-0: Ball
1-0: Called Strike
1-1: Called Strike
1-2: Strikes out looking
Batting: LHB José Corona 0-0: Called Strike
0-1: Swinging Strike
0-2: Ball
1-2: Foul Ball, location: 2F
1-2: Strikes out looking
Bottom of the 4th over - 0 runs, 1 hit, 0 errors, 2 left on base; Athletic Club KC 1 - Ft. Worth 1
TOP OF THE 5TH
Athletic Club KC batting - Pitching for Ft. Worth Cattlemen : RHP Armando Romano
Batting: RHB David Lozano 0-0: Fly out, F5 (Line Drive, 5, EV 68.1 MPH)
Batting: LHB Ty Tomblin 0-0: Ball
1-0: SINGLE (Line Drive, 89S, EV 110.0 MPH)
Batting: RHB John Ricks 0-0: Fly out, F7 (Flyball, 78S, EV 82.5 MPH)
Batting: LHB Pablo Hernández 0-0: Hit by Pitch
Ty Tomblin to second
Batting: LHB Todd Baker 0-0: SINGLE (Groundball, 6MD, EV 101.9 MPH)
Ty Tomblin to third
Pablo Hernández to second
Runner from 3rd tries for Home, SAFE, no throw by CF
Batting: RHB Bobby McFillin 0-0: Ball
1-0: Ball
2-0: Called Strike
2-1: Ball
3-1: Foul Ball, location: 2F
3-2: Strikes out swinging
Top of the 5th over - 1 run, 2 hits, 0 errors, 2 left on base; Athletic Club KC 2 - Ft. Worth 1
BOTTOM OF THE 5TH
Ft. Worth Cattlemen batting - Pitching for Athletic Club KC : RHP David Rowlingson
Batting: SHB Akihiko Fujii 0-0: Ball
1-0: Fly out, F8 (Line Drive, 8LD, EV 91.2 MPH)
Batting: RHB Mario Álvarez 0-0: Ball
1-0: Ball
2-0: Ball
3-0: Fly out, F3 (Popup, 23F, EV 78.8 MPH)
Batting: LHB Ashley Thachi 0-0: Swinging Strike
0-1: Called Strike
0-2: Ball
1-2: Ball
2-2: Foul Ball, location: 2F
2-2: Ball
3-2: Fly out, F9 (Flyball, 9S, EV 92.5 MPH)
Bottom of the 5th over - 0 runs, 0 hits, 0 errors, 0 left on base; Athletic Club KC 2 - Ft. Worth 1
TOP OF THE 6TH
Athletic Club KC batting - Pitching for Ft. Worth Cattlemen : RHP Armando Romano
Batting: RHB Gabriel Martínez 0-0: Swinging Strike
0-1: Called Strike
0-2: Foul Ball, location: 2F
0-2: Fly out, F9 (Flyball, 9, EV 82.5 MPH)
Batting: RHB Tasuku Goto 0-0: SINGLE (Groundball, 3D, EV 105.6 MPH)
Batting: RHB Donald Guegan 0-0: Called Strike
Tasuku Goto steals 2nd base
0-1: Ball
1-1: Called Strike
1-2: Fly out, F7 (Flyball, 7LD, EV 106.9 MPH)
Batting: RHB David Lozano 0-0: Ball
1-0: Foul Ball, location: 2F
1-1: Ground out 1-3 (Groundball, 34S, EV 90.6 MPH)
Top of the 6th over - 0 runs, 1 hit, 0 errors, 1 left on base; Athletic Club KC 2 - Ft. Worth 1
BOTTOM OF THE 6TH
Ft. Worth Cattlemen batting - Pitching for Athletic Club KC : RHP David Rowlingson
Batting: LHB Craig Woods 0-0: Foul Ball, location: 2F
0-1: Ground out 6-3 (Groundball, 6M, EV 81.9 MPH)
Batting: LHB Dewitt Hopper 0-0: Ball
1-0: Ball
2-0: Fly out, F7 (Flyball, 7D, EV 87.5 MPH)
Batting: LHB Semo Hoaloha 0-0: Called Strike
0-1: Ball
1-1: Ball
2-1: SOLO HOME RUN (Flyball, 9D, EV 91.2 MPH), Distance : 380 ft
Batting: LHB Jesús Morales 0-0: Foul Ball, location: 2F
0-1: Ground out 5-3 (Groundball, 56S, EV 79.4 MPH)
Bottom of the 6th over - 1 run, 1 hit, 0 errors, 0 left on base; Athletic Club KC 2 - Ft. Worth 2
TOP OF THE 7TH
Athletic Club KC batting - Pitching for Ft. Worth Cattlemen : RHP Armando Romano
Batting: LHB Ty Tomblin 0-0: Foul Ball, location: 2F
0-1: DOUBLE (Line Drive, 78D, EV 108.8 MPH)
Batting: RHB John Ricks 0-0: Ground out 4-3 (Groundball, 4, EV 93.1 MPH)
Ty Tomblin to third
Batting: LHB Pablo Hernández 0-0: Intentional Walk
Batting: LHB Todd Baker 0-0: Called Strike
0-1: Called Strike
0-2: Ball
1-2: Ball
2-2: Foul Ball, location: 2F
2-2: Foul Ball, location: 2F
2-2: Ball
3-2: Foul Ball, location: 2F
3-2: Foul Ball, location: 2F
3-2: Foul Ball, location: 2F
3-2: SINGLE (Groundball, 34, EV 104.4 MPH) (infield hit)
Ty Tomblin scores
Pablo Hernández to second
Pitching: RHP Bryan Tuff
Batting: RHB Bobby McFillin 0-0: Called Strike
0-1: Foul Ball, location: 2F
0-2: Strikes out looking
Batting: RHB Gabriel Martínez 0-0: Ball
1-0: Ground out 4-3 (Groundball, 4, EV 106.2 MPH)
Top of the 7th over - 1 run, 2 hits, 0 errors, 2 left on base; Athletic Club KC 3 - Ft. Worth 2
BOTTOM OF THE 7TH
Ft. Worth Cattlemen batting - Pitching for Athletic Club KC : RHP David Rowlingson
Batting: RHB Ramón Rodríguez 0-0: Fly out, F7 (Flyball, 7S, EV 85.0 MPH)
Batting: LHB José Corona 0-0: Foul Ball, location: 2F
0-1: Fly out, F9 (Flyball, 89M, EV 89.4 MPH)
Batting: SHB Akihiko Fujii 0-0: Ball
1-0: Reached on error, E3 (Groundball, 34, EV 84.4 MPH)
Pinch Hitting: LHB Mario Ramos 0-0: Called Strike
0-1: 2-RUN HOME RUN (Flyball, 7D, EV 90.0 MPH), Distance : 374 ft
Batting: LHB Ashley Thachi 0-0: Called Strike
0-1: Ball
1-1: Foul Ball, location: 2F
1-2: Foul Ball, location: 2F
1-2: Ball
2-2: Foul Ball, location: 2F
2-2: Foul Ball, location: 2F
2-2: Ground out 5-3 (Groundball, 56S, EV 88.8 MPH)
Bottom of the 7th over - 2 runs, 1 hit, 1 error, 0 left on base; Athletic Club KC 3 - Ft. Worth 4
TOP OF THE 8TH
Athletic Club KC batting - Pitching for Ft. Worth Cattlemen : RHP Bryan Tuff
Now at 2B: Keiran Calleson
Batting: RHB Tasuku Goto 0-0: Ground out 6-3 (Groundball, 56, EV 104.4 MPH)
Batting: RHB Donald Guegan 0-0: Ground out 4-3 (Groundball, 34, EV 85.6 MPH)
Batting: RHB David Lozano 0-0: Ball
1-0: SINGLE (Line Drive, 3D, EV 95.6 MPH)
Batting: LHB Ty Tomblin 0-0: Ground out 4-3 (Groundball, 34, EV 100.0 MPH)
Top of the 8th over - 0 runs, 1 hit, 0 errors, 1 left on base; Athletic Club KC 3 - Ft. Worth 4
BOTTOM OF THE 8TH
Ft. Worth Cattlemen batting - Pitching for Athletic Club KC : RHP David Rowlingson
Batting: LHB Craig Woods 0-0: Ball
1-0: Foul Ball, location: 2F
1-1: Ball
2-1: Ball
3-1: Foul Ball, location: 2F
3-2: Base on Balls
Pitching: RHP Rafael Narváez
Batting: LHB Dewitt Hopper 0-0: Called Strike
0-1: Ball
1-1: Ball
2-1: Ball
3-1: Swinging Strike
3-2: Strikes out looking
Batting: LHB Semo Hoaloha 0-0: Called Strike
0-1: Ball
1-1: Ball
2-1: Ball
3-1: SINGLE (Line Drive, 9S, EV 99.4 MPH)
Craig Woods to second
Batting: LHB Jesús Morales 0-0: Called Strike
0-1: Reached on error, E3 (Groundball, 3L, EV 100.0 MPH)
Craig Woods to third
Semo Hoaloha to second
Batting: RHB Ramón Rodríguez 0-0: Foul Ball, location: 2F
0-1: Ball
1-1: Foul Ball, location: 2F
1-2: Fly out, F8 (Flyball, 8LD, EV 105.0 MPH)
Runner from 3rd tags up, SCORES, no throw by CF
Batting: LHB José Corona 0-0: Fly out, F5 (Popup, 6S, EV 84.4 MPH)
Bottom of the 8th over - 1 run, 1 hit, 1 error, 2 left on base; Athletic Club KC 3 - Ft. Worth 5
TOP OF THE 9TH
Athletic Club KC batting - Pitching for Ft. Worth Cattlemen : RHP Bryan Tuff
Pitching: RHP Nam Yee Yong
Batting: RHB John Ricks 0-0: Ball
1-0: Called Strike
1-1: SINGLE (Line Drive, 4M, EV 94.4 MPH)
Batting: LHB Pablo Hernández 0-0: Ball
1-0: Ball
2-0: Called Strike
2-1: Swinging Strike
2-2: Grounds into double play, 4-6-3 (Groundball, 4, EV 86.2 MPH)
Batting: LHB Todd Baker 0-0: Swinging Strike
0-1: Ball
1-1: Called Strike
1-2: Foul Ball, location: 2F
1-2: Ball
2-2: Strikes out swinging
Top of the 9th over - 0 runs, 1 hit, 0 errors, 0 left on base; Athletic Club KC 3 - Ft. Worth 5
Friday, April 17th, 2020 - OOTP Baseball 20.8 Build 74